PBL
CALGARY FLAMES @ MADISON BREWERS
09/03/2044
 
TOP OF THE 1ST
Calgary Flames batting - Pitching for Madison Brewers : RHP Pat Spry
Pitching: RHP Pat Spry
Batting: RHB Dave McBain 0-0: Foul Ball, location: 2F
0-1: Ball
1-1: Bunted foul
1-2: Ball
2-2: Ball
3-2: Foul Ball, location: 2F
3-2: Fly out, F8 (Flyball, 8LM, EV 91.9 MPH)
Batting: RHB Brian DeVoe 0-0: Ball
1-0: Foul Ball, location: 2F
1-1: Ground out 5-3 (Groundball, 56S, EV 66.9 MPH)
Batting: RHB Eric McMillian 0-0: Ball
1-0: Fly out, F8 (Flyball, 8LD, EV 101.9 MPH)
Top of the 1st over - 0 runs, 0 hits, 0 errors, 0 left on base; Calgary 0 - Madison 0
BOTTOM OF THE 1ST
Madison Brewers batting - Pitching for Calgary Flames : RHP Alberto Cuevas
Pitching: RHP Alberto Cuevas
Batting: RHB Hector Silva 0-0: Ball
1-0: Called Strike
1-1: Ball
2-1: Foul Ball, location: 2F
2-2: Strikes out swinging
Batting: RHB Drew Forbess 0-0: Swinging Strike
0-1: Foul Ball, location: 2F
0-2: Ball
1-2: Ball
2-2: Strikes out looking
Batting: SHB Aaron Neill 0-0: Foul Ball, location: 2F
0-1: Foul Ball, location: 2F
0-2: Foul Ball, location: 2F
0-2: Strikes out swinging
Bottom of the 1st over - 0 runs, 0 hits, 0 errors, 0 left on base; Calgary 0 - Madison 0
TOP OF THE 2ND
Calgary Flames batting - Pitching for Madison Brewers : RHP Pat Spry
Batting: LHB Ramon Vega 0-0: Called Strike
0-1: Ball
1-1: Called Strike
1-2: DOUBLE (Flyball, 78D, EV 91.2 MPH)
Batting: RHB Kalidas Mishra 0-0: Fly out, F3 (Flyball, 34D, EV 76.2 MPH)
Batting: RHB Ricardo Ortiz 0-0: Ball
1-0: Called Strike
1-1: Swinging Strike
1-2: Ball
2-2: Ball
3-2: Fly out, F7 (Line Drive, 7D, EV 102.5 MPH)
Runner from 2nd tags up, SAFE at 3rd with throw by LF
Batting: LHB James McCauley 0-0: Called Strike
0-1: Called Strike
0-2: Hit by Pitch
Batting: RHB Mike MacLeod 0-0: Called Strike
James McCauley steals 2nd base
0-1: Ground out 1-3 (Groundball, 34S, EV 66.2 MPH)
Top of the 2nd over - 0 runs, 1 hit, 0 errors, 2 left on base; Calgary 0 - Madison 0
BOTTOM OF THE 2ND
Madison Brewers batting - Pitching for Calgary Flames : RHP Alberto Cuevas
Batting: SHB Jerry Duffy 0-0: Ball
1-0: Fly out, F8 (Flyball, 78S, EV 85.6 MPH)
Batting: RHB Victor Alarcon 0-0: Foul Ball, location: 2F
0-1: Ball
1-1: Ball
2-1: Called Strike
2-2: Foul Ball, location: 2F
2-2: Ball
3-2: Strikes out looking
Batting: LHB Sal Burgos 0-0: Ball
1-0: Fly out, F9 (Flyball, 89D, EV 83.8 MPH)
Bottom of the 2nd over - 0 runs, 0 hits, 0 errors, 0 left on base; Calgary 0 - Madison 0
TOP OF THE 3RD
Calgary Flames batting - Pitching for Madison Brewers : RHP Pat Spry
Batting: RHB Jon Groseclose 0-0: Ball
1-0: Ball
2-0: Ball
3-0: Called Strike
3-1: Base on Balls
Batting: RHB Dave McBain 0-0: Foul Ball, location: 2F
0-1: Ball
1-1: Called Strike
1-2: Fielders Choice at 2nd, 5-4 (Groundball, 56, EV 88.1 MPH)
Batting: RHB Brian DeVoe 0-0: Fly out, F7 (Flyball, 78D, EV 101.9 MPH)
Batting: RHB Eric McMillian 0-0: Ball
1-0: Ball
2-0: Ball
3-0: Called Strike
3-1: Base on Balls
Dave McBain to second
Batting: LHB Ramon Vega 0-0: Ball
1-0: Ball
2-0: Ball
3-0: Called Strike
3-1: Foul Ball, location: 2F
3-2: DOUBLE (Flyball, 89XD, EV 107.5 MPH)
Dave McBain scores
Eric McMillian to third
Eric McMillian scores
Batting: RHB Kalidas Mishra 0-0: Called Strike
0-1: Ball
1-1: Foul Ball, location: 2F
1-2: Ball
2-2: Foul Ball, location: 2F
2-2: Ground out 6-3 (Groundball, 6, EV 82.5 MPH)
Top of the 3rd over - 2 runs, 1 hit, 0 errors, 1 left on base; Calgary 2 - Madison 0
BOTTOM OF THE 3RD
Madison Brewers batting - Pitching for Calgary Flames : RHP Alberto Cuevas
Batting: RHB Herb McIntyre 0-0: Swinging Strike
0-1: Ball
1-1: Ball
2-1: Ball
3-1: Called Strike
3-2: Fly out, F9 (Flyball, 9, EV 90.0 MPH)
Batting: RHB Leo Serrano 0-0: Called Strike
0-1: Foul Ball, location: 2F
0-2: Ground out 4-3 (Groundball, 4M, EV 91.9 MPH)
Batting: RHB Justin Marino 0-0: Ball
1-0: Ground out 5-3 (Groundball, 5, EV 89.4 MPH)
Bottom of the 3rd over - 0 runs, 0 hits, 0 errors, 0 left on base; Calgary 2 - Madison 0
TOP OF THE 4TH
Calgary Flames batting - Pitching for Madison Brewers : RHP Pat Spry
Batting: RHB Ricardo Ortiz 0-0: Ball
1-0: Ball
2-0: Called Strike
2-1: Foul Ball, location: 2F
2-2: Ball
3-2: Strikes out swinging
Batting: LHB James McCauley 0-0: Ball
1-0: Swinging Strike
1-1: SINGLE (Flyball, 8LM, EV 83.8 MPH)
Batting: RHB Mike MacLeod 0-0: Ball
James McCauley is caught stealing 2nd base 2-4
1-0: Ball
2-0: Ball
3-0: Foul Ball, location: 2F
3-1: Foul Ball, location: 2F
3-2: Foul Ball, location: 2F
3-2: Strikes out swinging
Top of the 4th over - 0 runs, 1 hit, 0 errors, 0 left on base; Calgary 2 - Madison 0
BOTTOM OF THE 4TH
Madison Brewers batting - Pitching for Calgary Flames : RHP Alberto Cuevas
Batting: RHB Hector Silva 0-0: Ball
1-0: Ball
2-0: Fly out, F9 (Line Drive, 9S, EV 98.1 MPH)
Batting: RHB Drew Forbess 0-0: Called Strike
0-1: Swinging Strike
0-2: Strikes out swinging
Batting: SHB Aaron Neill 0-0: DOUBLE (Line Drive, 89M, EV 97.5 MPH)
Batting: SHB Jerry Duffy 0-0: Called Strike
0-1: Ball
1-1: Fly out, F9 (Flyball, 89S, EV 88.8 MPH)
Bottom of the 4th over - 0 runs, 1 hit, 0 errors, 1 left on base; Calgary 2 - Madison 0
TOP OF THE 5TH
Calgary Flames batting - Pitching for Madison Brewers : RHP Pat Spry
Batting: RHB Jon Groseclose 0-0: Ball
1-0: Called Strike
1-1: Ball
2-1: Ball
3-1: Ground out 5-3 (Groundball, 56S, EV 62.5 MPH)
Batting: RHB Dave McBain 0-0: Called Strike
0-1: Ball
1-1: Fly out, F8 (Line Drive, 8LD, EV 98.1 MPH)
Batting: RHB Brian DeVoe 0-0: Foul Ball, location: 2F
0-1: Fly out, F7 (Flyball, 7D, EV 96.9 MPH)
Top of the 5th over - 0 runs, 0 hits, 0 errors, 0 left on base; Calgary 2 - Madison 0
BOTTOM OF THE 5TH
Madison Brewers batting - Pitching for Calgary Flames : RHP Alberto Cuevas
Batting: RHB Victor Alarcon 0-0: Foul Ball, location: 2F
0-1: Foul Ball, location: 2F
0-2: Ball
1-2: Ball
2-2: Ball
3-2: Fly out, F9 (Flyball, 89D, EV 85.6 MPH)
Batting: LHB Sal Burgos 0-0: Called Strike
0-1: Ball
1-1: Called Strike
1-2: Strikes out swinging
Batting: RHB Herb McIntyre 0-0: Ball
1-0: Ball
2-0: Foul Ball, location: 2F
2-1: Ground out 6-3 (Groundball, 6MD, EV 103.1 MPH)
Bottom of the 5th over - 0 runs, 0 hits, 0 errors, 0 left on base; Calgary 2 - Madison 0
TOP OF THE 6TH
Calgary Flames batting - Pitching for Madison Brewers : RHP Pat Spry
Pitching: RHP Omar Morales
Batting: RHB Eric McMillian 0-0: Ball
1-0: Ball
2-0: SINGLE (Groundball, 5S, EV 70.6 MPH) (infield hit)
Batting: LHB Ramon Vega 0-0: Foul Ball, location: 2F
0-1: Ball
1-1: Ball
2-1: SINGLE (Groundball, 4MD, EV 96.2 MPH)
Eric McMillian to second
Runner from 2nd tries for 3rd, SAFE, throw by CF made to third
Batting: RHB Kalidas Mishra 0-0: Called Strike
0-1: Ball
1-1: Foul Ball, location: 2F
1-2: Foul Ball, location: 2F
1-2: SINGLE (Line Drive, 4MD, EV 94.4 MPH)
Eric McMillian scores
Ramon Vega to second
Batting: RHB Ricardo Ortiz 0-0: Called Strike
0-1: Called Strike
0-2: SINGLE (Flyball, 78S, EV 91.9 MPH)
Ramon Vega to third
Kalidas Mishra to second
Runner from 3rd tries for Home, SAFE, throw by LF to home
Batting: LHB James McCauley 0-0: Ball
1-0: Swinging Strike
1-1: Hit by Pitch
Kalidas Mishra to third
Ricardo Ortiz to second
Batting: RHB Mike MacLeod 0-0: Ball
1-0: Ball
2-0: Foul Ball, location: 2F
2-1: Called Strike
2-2: Foul Ball, location: 2F
2-2: Ball
3-2: Strikes out swinging
Batting: RHB Jon Groseclose 0-0: Ball
1-0: Ball
2-0: Ball
3-0: Base on Balls
Kalidas Mishra scores
Ricardo Ortiz to third
James McCauley to second
Batting: RHB Dave McBain 0-0: Ball
1-0: Foul Ball, location: 2F
1-1: Ball
2-1: Ball
3-1: Grounds into double play, 6-4-3 (Groundball, 6, EV 85.0 MPH)
Top of the 6th over - 3 runs, 4 hits, 0 errors, 2 left on base; Calgary 5 - Madison 0
BOTTOM OF THE 6TH
Madison Brewers batting - Pitching for Calgary Flames : RHP Alberto Cuevas
Batting: RHB Leo Serrano 0-0: Swinging Strike
0-1: Foul Ball, location: 2F
0-2: Ball
1-2: Ball
2-2: Strikes out swinging
Batting: RHB Justin Marino 0-0: Ball
1-0: Swinging Strike
1-1: Swinging Strike
1-2: Ball
2-2: Strikes out looking
Batting: RHB Hector Silva 0-0: Ground out U3 (Groundball, 34, EV 99.4 MPH)
Bottom of the 6th over - 0 runs, 0 hits, 0 errors, 0 left on base; Calgary 5 - Madison 0
TOP OF THE 7TH
Calgary Flames batting - Pitching for Madison Brewers : RHP Omar Morales
Batting: RHB Brian DeVoe 0-0: Ball
1-0: Ball
2-0: Called Strike
2-1: Called Strike
2-2: Strikes out looking
Pitching: RHP Joe Gonzales
Batting: RHB Eric McMillian 0-0: Ball
1-0: Foul Ball, location: 2F
1-1: Ball
2-1: Foul Ball, location: 2F
2-2: Strikes out swinging
Batting: LHB Ramon Vega 0-0: Ball
1-0: Ball
2-0: Foul Ball, location: 2F
2-1: Swinging Strike
2-2: Ball
3-2: Strikes out swinging
Top of the 7th over - 0 runs, 0 hits, 0 errors, 0 left on base; Calgary 5 - Madison 0
BOTTOM OF THE 7TH
Madison Brewers batting - Pitching for Calgary Flames : RHP Alberto Cuevas
Batting: RHB Drew Forbess 0-0: Foul Ball, location: 2F
0-1: SINGLE (Line Drive, 7S, EV 86.9 MPH)
Batting: SHB Aaron Neill 0-0: Ball
1-0: SINGLE (Groundball, 56S, EV 75.6 MPH) (infield hit)
Drew Forbess to second
Batting: SHB Jerry Duffy 0-0: Ball
1-0: Foul Ball, location: 2F
1-1: Called Strike
1-2: SINGLE (Groundball, 4D, EV 95.0 MPH)
Drew Forbess to third
Aaron Neill to second
Pinch Hitting: SHB C.J. Olivares 0-0: Ball
1-0: Called Strike
1-1: Ball
2-1: Fly out, F8 (Flyball, 8RD, EV 110.0 MPH)
Runner from 3rd tags up, SCORES, throw by CF
Batting: LHB Sal Burgos 0-0: Ball
1-0: Ball
2-0: Fly out, F7 (Line Drive, 7, EV 97.5 MPH)
Pinch Hitting: SHB Sam Bingham 0-0: Called Strike
0-1: Called Strike
0-2: Strikes out swinging
Bottom of the 7th over - 1 run, 3 hits, 0 errors, 2 left on base; Calgary 5 - Madison 1
TOP OF THE 8TH
Calgary Flames batting - Pitching for Madison Brewers : RHP Joe Gonzales
Now at 2B: C.J. Olivares
Now in RF: Cameron Rattenbury
Batting: RHB Kalidas Mishra 0-0: Called Strike
0-1: Swinging Strike
0-2: SINGLE (Flyball, 56D, EV 90.0 MPH)
Batting: RHB Ricardo Ortiz 0-0: Ball
1-0: Foul Ball, location: 2F
1-1: Ball
2-1: Bunted foul
2-2: Grounds into double play, 5-4-3 (Groundball, 5S, EV 86.2 MPH)
Batting: LHB James McCauley 0-0: Ball
1-0: Ball
2-0: Ball
3-0: Called Strike
3-1: Base on Balls
Batting: RHB Mike MacLeod 0-0: Called Strike
0-1: Swinging Strike
0-2: Strikes out swinging
Top of the 8th over - 0 runs, 1 hit, 0 errors, 1 left on base; Calgary 5 - Madison 1
BOTTOM OF THE 8TH
Madison Brewers batting - Pitching for Calgary Flames : RHP Alberto Cuevas
Batting: RHB Leo Serrano 0-0: Swinging Strike
0-1: Ball
1-1: Fly out, F4 (Popup, 4M, EV 58.8 MPH)
Pinch Hitting: LHB Steven Donovan 0-0: Swinging Strike
0-1: Called Strike
0-2: Ball
1-2: Foul Ball, location: 2F
1-2: Strikes out looking
Batting: RHB Hector Silva 0-0: Ball
1-0: Called Strike
1-1: Ball
2-1: Swinging Strike
2-2: Strikes out swinging
Bottom of the 8th over - 0 runs, 0 hits, 0 errors, 0 left on base; Calgary 5 - Madison 1
TOP OF THE 9TH
Calgary Flames batting - Pitching for Madison Brewers : RHP Joe Gonzales
Now at SS: Juan Villanueva
Batting: RHB Jon Groseclose 0-0: Swinging Strike
0-1: Ball
1-1: Ball
2-1: Swinging Strike
2-2: Ball
3-2: Foul Ball, location: 2F
3-2: Strikes out swinging
Batting: RHB Dave McBain 0-0: Foul Ball, location: 2F
0-1: Called Strike
0-2: Foul Ball, location: 2F
0-2: Ball
1-2: SINGLE (Groundball, 6S, EV 70.6 MPH) (infield hit)
Batting: RHB Brian DeVoe 0-0: Swinging Strike
0-1: Ball
1-1: Ball
2-1: Fly out, F8 (Flyball, 78XD, EV 104.4 MPH)
Batting: RHB Eric McMillian 0-0: Foul Ball, location: 2F
0-1: Ball
1-1: Foul Ball, location: 2F
1-2: Ball
2-2: Fly out, F7 (Flyball, 7LD, EV 92.5 MPH)
Top of the 9th over - 0 runs, 1 hit, 0 errors, 1 left on base; Calgary 5 - Madison 1
BOTTOM OF THE 9TH
Madison Brewers batting - Pitching for Calgary Flames : RHP Alberto Cuevas
Batting: RHB Drew Forbess 0-0: Ball
1-0: Ball
2-0: Ball
3-0: Called Strike
3-1: Called Strike
3-2: Base on Balls
Batting: SHB Aaron Neill 0-0: Called Strike
0-1: SINGLE (Line Drive, 34D, EV 103.8 MPH)
Drew Forbess to second
Pitching: RHP Mike Swenson
Batting: SHB Jerry Duffy 0-0: Called Strike
0-1: Called Strike
0-2: Grounds into double play, 4-6-3 (Groundball, 4, EV 100.6 MPH)
Drew Forbess to third
Batting: SHB C.J. Olivares 0-0: Swinging Strike
0-1: Fly out, F7 (Line Drive, 7, EV 100.0 MPH)
Bottom of the 9th over - 0 runs, 1 hit, 0 errors, 1 left on base; Calgary 5 - Madison 1
Thursday, March 31st , 2022 - OOTP Baseball 22.12 Build 89